 Dungeon Crawl Stone Soup version bcrawl-1.27.3 (webtiles) character file.

Game seed: 12446247365165932526

123897 BattleRest the Sneak (level 4, -4/40 HPs)
             Began as a Naga Sloth Apostle on June 7, 2020.
             Was a Follower of Cheibriados.
             Slain by a worm (7 damage)
             ... on level 2 of the Dungeon on Aug 2, 2020.
             The game lasted 00:11:34 (1681 turns).

BattleRest the Sneak (Naga Sloth Apostle)           Turns: 1681, Time: 00:11:35

Health: -4/40      AC:  4    Str: 18    XL:     4   Next: 19%
Magic:  6/6        EV:  7    Int: 16    God:    Cheibriados [*.....]
Gold:   73         SH:  8    Dex: 13    Spells: 5/6 levels left

rFire    . . .     SeeInvis +   a - +0 mace
rCold    . . .     Gourm    .   c - +0 medium shield
rNeg     . . .     Faith    .   b - +0 robe
rPois    +         Spirit   .   (no helmet)
rElec    .         Reflect  .   (no cloak)
rCorr    .         Harm     .   (no gloves)
MR       .....                  (no barding)
Stlth    +++.......             (no amulet)
HPRegen  0.13/turn              n - +2 ring of protection
MPRegen  0.10/turn              q - +1 ring of evasion

@: very slow
A: large, see invisible, deformed body, poison resistance, slowness 2, slow
metabolism 1, spit poison 1, AC +1
a: Spit Poison, Bend Time, Renounce Religion


You were on level 2 of the Dungeon.
You worshipped Cheibriados.
Cheibriados was aware of your devotion.
You were hungry.

You visited 1 branch of the dungeon, and saw 2 of its levels.

You collected 73 gold pieces.

Inventory:

Hand Weapons
 a - a +0 mace (weapon)
Armour
 b - a +0 robe (worn)
 c - a +0 medium shield (worn)
Jewellery
 n - a +2 ring of protection (left hand)
 q - a +1 ring of evasion (right hand)
Wands
 d - a wand of paralysis (10)
Scrolls
 i - 5 scrolls of remove curse {unknown}
 j - 3 scrolls of identify
 o - 2 scrolls of noise {unknown}
 p - 2 scrolls of amnesia {unknown}
Potions
 f - 2 potions of haste {unknown}
 g - a potion of curing
 h - a potion of brilliance {unknown}
 k - 2 potions of mutation {unknown}
 l - a potion of might {unknown}
 m - a potion of experience {unknown}
Comestibles
 e - 5 rations {!d}


   Skills:
 + Level 2.4 Fighting
 + Level 2.5 Maces & Flails
 - Level 4.8 Stealth
 + Level 2.0 Shields
 + Level 1.6 Spellcasting
 + Level 1.7 Hexes
 + Level 1.8 Evocations


You had 5 spell levels left.
You knew the following spells:

 Your Spells              Type           Power        Failure   Level  Hunger
a - Slow                  Hex            #.......     56%         1    None
Your spell library was empty.

Dungeon Overview and Level Annotations

Branches:
Dungeon (2/12)

Altars:


Innate Abilities, Weirdness & Mutations

You cannot wear boots.
Your serpentine skin is tough. (AC +1)
You have supernaturally acute eyesight. (SInv)
Armour fits poorly on your strangely shaped body.
Your system is resistant to poisons. (rPois)
You cover ground very slowly.
You have a slow metabolism.
You can spit poison.


Message History

The worm bites you but does no damage.
You hit the worm but do no damage.
The worm is moderately wounded.
The worm bites you!
You are too injured to fight recklessly!
You are too injured to fight recklessly!
You sock the worm!
The worm is severely wounded.
The worm bites you!
* * * LOW HITPOINT WARNING * * *
You hit the worm.
The worm is severely wounded.
The worm bites you!
* * * LOW HITPOINT WARNING * * *
Press: ? - help, Shift-Dir - straight line, f - worm
Aim: a worm (severely wounded)
The splash of poison misses the worm.
You feel slightly more hungry.
You have got your breath back.
The worm bites you!
You die...

...# .... #..# #.#
#..# #.# .######..#
#####.### .........##
#.......# ##.....##
#.###.#.#
##...w...###.......#
#...†@....##.#...#.###
+.........'.......)...
#.........##.#.....###
##.......###.##.#..#
##.....## #.......#
##.).## #.......#
##'## ######.## #.#
#.# #.# #.#


You could see a worm.

Vanquished Creatures
  A worm (D:1)
  5 dart slugs
  5 leopard geckos
  2 bats
  3 giant cockroaches
  5 hobgoblins (D:1)
  4 jackals (D:1)
  2 quokkas (D:2)
  2 frilled lizards
  5 goblins
  7 kobolds
  6 rats (D:1)
47 creatures vanquished.

Notes
Turn   | Place    | Note
-------+----------+-------------------------------------------
     0 | D:1      | BattleRest the Naga Sloth Apostle began the quest for the
                  | Orb.
     0 | D:1      | Reached XP level 1. HP: 19/19 MP: 2/2
   255 | D:1      | Reached XP level 2. HP: 21/26 MP: 3/3
   616 | D:1      | Reached XP level 3. HP: 17/32 MP: 5/5
   621 | D:1      | Reached * piety under Cheibriados
  1195 | D:2      | Upgraded the game from bcrawl-1.23.4 to bcrawl-1.27.3
  1435 | D:2      | Reached XP level 4. HP: 28/40 MP: 6/6
  1678 | D:2      | HP: 2/40 [worm (10)]
  1681 | D:2      | Slain by a worm

Skill      XL: |  1  2  3  4 |
---------------+-------------+-----
Shields        | 2 |  2.0
Fighting       | |  2.4
Maces & Flails | |  2.5
Stealth        | |  4.8
Spellcasting   | |  1.6
Hexes          | |  1.7
Evocations     | |  1.8

Action                   |  1- 3 |  4- 6 || total
-------------------------+-------+-------++-------
Melee: Mace              |    50 |    28 ||    78
 Abil: Spit Poison       |    37 |     1 ||    38
 Stab: Sleeping          |     1 |     1 ||     2
  Eat: Chunk             |     4 |       ||     4
Armor: Robe              |    19 |     8 ||    27
Dodge: Dodged            |    22 |    10 ||    32
Block: Medium shield     |    29 |    20 ||    49
